[Event "Early-Titled-Tuesday-Blitz-June-18-2024"]
[Site "Chess.com"]
[Date "2024.06.18"]
[Round "2"]
[White "ALRS-SPS"]
[Black "jaskol95"]
[Result "0-1"]
[WhiteElo "2380"]
[BlackElo "2609"]
[TimeControl "180+1"]
[EndTime "8:19:45 PDT"]
[Termination "jaskol95 won by resignation"]

1. Nf3 d5 2. b3 Bg4 3. Ne5 Bf5 4. Bb2 f6 5. Nf3 e5 6. d3 Nc6 7. g3 Bc5 8. Bg2 Qd7 9. O-O Bh3 10. c4 d4 11. a3 a5 12. b4 axb4 13. axb4 Rxa1 14. Bxa1 Bxb4 15. Qa4 Bxg2 16. Kxg2 Nge7 17. Qa8+ Qc8 18. Qa4 O-O 19. Na3 Bxa3 20. Qxa3 Qa8 21. Qb3 Qa6 22. Rb1 Ra8 23. Bb2 Qa2 24. Bc1 Qxb3 25. Rxb3 b6 26. Ra3 Rxa3 27. Bxa3 Kf7 28. Nd2 Ke6 29. Nb3 Na5 30. Nd2 c5 31. Kf1 Kd6 32. Ke1 Kc6 33. Kd1 b5 34. cxb5+ Kxb5 35. Ne4 Nb7 36. Kc2 Nd5 37. Kb3 Nb6 38. g4 Kc6 39. h3 Kd5 40. Nd2 Na5+ 41. Kc2 c4 42. dxc4+ Naxc4 43. Bf8 Nxd2 44.
Kxd2 g6 45. Bg7 f5 46. gxf5 gxf5 47. f3 Nc4+ 48. Ke1 e4 49. fxe4+ fxe4 50. Bf6 e3 51. Kf1 Ke4 52. Kg2 Nd6 53. h4 Nf5 54. h5 d3 55.
exd3+ Kxd3 56. Bd8 Ke2 57. Kh3 Kf3 58. Ba5 e2 59. Bb4 Ng7 60. Kh4 Ne6 61. Ba5 h6 62.
Bb4 Kf2 63. Kg4 Nd4 64. Ba5 Ke3 65. Bb4 Ke4 66. Ba5 Nf3 67. Bb4 e1=Q 68. Bxe1 Nxe1 69. Kg3 Nf3 70. Kg4 Ne5+ 71. Kg3 Kf5 72. Kh4 Kf4 73. Kh3 Kg5 0-1

[Event "Early-Titled-Tuesday-Blitz-June-18-2024"]
[Site "Chess.com"]
[Date "2024.06.18"]
[Round "2"]
[White "Renatoforf"]
[Black "BashiqChess"]
[Result "0-1"]
[WhiteElo "2114"]
[BlackElo "2464"]
[TimeControl "180+1"]
[EndTime "8:19:45 PDT"]
[Termination "BashiqChess won on time"]

1. e4 c6 2. Nf3 d5 3. exd5 cxd5 4. Ne5 Nc6 5. d4 a6 6. c3 Nxe5 7. dxe5 Bf5 8. Bd3 Bg6 9. O-O e6 10. Be3 Ne7 11. f4 Nc6 12. Bxg6 hxg6 13. Nd2 Qh4 14.
Nf3 Qh5 15. h3 Be7 16. Qb3 b5 17. a4 Na5 18. Qc2 Nc4 19. Bf2 b4 20. cxb4 O-O 21.
b3 Rfc8 22. bxc4 Rxc4 23. Qe2 Rxf4 24. Bc5 Re4 25. Qf2 Bd8 26. Rfe1 Rc4 27. Rec1 Re4 28. Re1 Rc4 29. Rac1 Rf4 30. Qg3 g5 31. Be3 Rxb4 32. Bxg5 Bb6+ 33. Kh2 Rb2 34. Qg4 Qg6 35. Be3 Bxe3 36.
Rxe3 Qxg4 37. hxg4 Kh7 38. g5 Kg6 39. Kg3 Rb4 40. Ra3 Rh8 41. Rc6 a5 42. Ra6 Rh1 43. Rxa5 Rc1 44. Rb5 Re4 45. a5 Rcc4 46. a6 Rg4+ 47. Kh2 Rc2 48. Ne1 Re2 49. Ra1 Rh4+ 50. Kg3 Rh5 51. Nf3 Rh8 52. a7 Ra8 53. Rb8 Rxa7 54.
Rxa7 Re4 55. Rbb7 d4 56. Rxf7 Re1 57. Nxd4 Re3+ 58. Nf3 Re2 59. Kf4 Rb2 60. Nh4+ Kh5 61. g4+ Kxh4 62. Rxg7 Rf2+ 63. Ke3 Rf1 64. Rh7+ Kxg4 65.
g6 Re1+ 0-1

[Event "Early-Titled-Tuesday-Blitz-June-18-2024"]
[Site "Chess.com"]
[Date "2024.06.18"]
[Round "2"]
[White "Matols"]
[Black "Ykow"]
[Result "1-0"]
[WhiteElo "2369"]
[BlackElo "2529"]
[TimeControl "180+1"]
[EndTime "8:19:46 PDT"]
[Termination "Matols won by resignation"]

1. d4 d5 2. c4 e5 3. dxe5 d4 4.
Nf3 Nc6 5. a3 Nge7 6. b4 Ng6 7.
Bb2 a5 8. b5 Ncxe5 9. Nxe5 Nxe5 10. Bxd4 Nxc4 11. e3 Be6 12. Qc2 Nd6 13. Bd3 Be7 14. O-O Bf6 15. Re1 h6 16. Nc3 Bxd4 17. exd4 O-O 18. d5 Bd7 19. Re3 Qf6 20. Rae1 Rfe8 21.
h3 Qd4 22. Ne4 Nxb5 23. Bxb5 Bxb5 24. Qxc7 Qxd5 25. Nd6 Rxe3 26. Rxe3 Bc6 27. Rg3 a4 28. Nc8 Qd7 29. Qxd7 Bxd7 30. Nb6 Re8 31. Nxd7 Re1+ 32. Kh2 Rb1 33. Nc5 b5 34. Rd3 g5 35. Rd8+ Kg7 36.
Rb8 h5 37. Nxa4 Rb3 38. Nc5 Rxa3 39. Rxb5 h4 40. Ne4 f6 41. f3 Ra2 42. Rb7+ Kg6 43. Rc7 Ra6 44. Kg1 f5 45. Nc5 Ra1+ 46. Kf2 Ra2+ 47.
Kg1 Ra1+ 48. Kh2 Re1 49. Rc6+ Kf7 50. Nd3 Re3 51. Nb4 Kg7 52. Nd5 Re2 53. Rc7+ Kg6 54. Ne7+ Kf6 55. Nd5+ Kg6 56. Nc3 Re3 57. Kg1 Re1+ 58.
Kf2 Rc1 59. Nd5 Rd1 60. Rc6+ Kg7 61. Nc3 Rd2+ 62. Ne2 Ra2 63. Re6 Kf7 64. Re5 Kf6 65. Rb5 Rc2 66. Ke3 Ra2 67. Rd5 Ra3+ 68. Kf2 Ra2 69. Rd3 Rb2 70. Ke3 Ra2 71. Kf2 Rb2 72. f4 g4 73. hxg4 fxg4 74. Rd5 Rb3 75. Rh5 g3+ 76.
Ke1 Rb1+ 77. Kd2 Rb2+ 78. Ke3 Rb3+ 79. Ke4 Rb2 80. Nd4 Rxg2 81. Rh6+ Kf7 82. Rxh4 Rf2 83.
Rg4 g2 84. Kf5 Kf8 85. Ne6+ Kf7 86. Rg7+ Ke8 87. Kf6 1-0

[Event "Early-Titled-Tuesday-Blitz-June-18-2024"]
[Site "Chess.com"]
[Date "2024.06.18"]
[Round "2"]
[White "eragon02"]
[Black "UK_23"]
[Result "1-0"]
[WhiteElo "2628"]
[BlackElo "2396"]
[TimeControl "180+1"]
[EndTime "8:19:48 PDT"]
[Termination "eragon02 won by resignation"]

1. d4 Nf6 2. Nf3 c5 3. e3 cxd4 4. exd4 d5 5. h3 Qc7 6. c3 Nc6 7. Bd3 g6 8. O-O Bf5 9. Bg5 Bg7 10. Bxf6 Bxf6 11. Qe2 e6 12. Nbd2 Bxd3 13. Qxd3 O-O 14. Rfe1 Rab8 15. a3 b5 16. Nb3 Na5 17. Nc5 Rb6 18.
b4 Nc4 19. a4 a6 20. axb5 axb5 21. Ra2 Rd8 22. Rea1 e5 23. dxe5 Nxe5 24. Nxe5 Qxe5 25. Rc1 d4 26. c4 bxc4 27. Qxc4 Qd5 28. Nd3 Kg7 29.
Ra5 Qxc4 30. Rxc4 h5 31. g4 hxg4 32. hxg4 Be7 33. Kg2 Rdb8 34. Ra4 Bf6 35. Kf3 Re8 36. Ra7 Rbe6 37. Rcc7 R8e7 38. Rxe7 Bxe7 39. Rd7 Bf6 40. b5 Rb6 41. Rd5 Kf8 42. Ke4 Ke7 43. g5 Bg7 44. Nf4 Rd6 45. Rc5 d3 46. Nxd3 Rd4+ 47. Ke3 Rg4 48.
Rc7+ Ke6 49. f4 Rg1 50. b6 Rb1 51. b7 Rb5 52. Nc5+ Kd5 53. Rc8 Bd4+ 54. Kf3 Bxc5 55.
b8=Q Rxb8 56. Rxb8 Ke6 57. Ke4 Be7 58. Rb6+ Bd6 59. Ra6 Ke7 60. f5 gxf5+ 61. Kxf5 Bb4 62. Rb6 Bc3 63. Rc6 Bb2 64. Rc7+ Ke8 65. Rb7 Bc3 66. Rb3 Bd4 67. Ke4 Ba1 68. Rb1 Bc3 69. Rc1 Bb2 70. Re1 Ke7 71. Re2 Ba1 72. Kf5+ Kf8 73.
g6 fxg6+ 74. Kxg6 Bb2 75. Rxb2 1-0

[Event "Early-Titled-Tuesday-Blitz-June-18-2024"]
[Site "Chess.com"]
[Date "2024.06.18"]
[Round "2"]
[White "YurasovMat-2012"]
[Black "Rsnr"]
[Result "0-1"]
[WhiteElo "2622"]
[BlackElo "2907"]
[TimeControl "180+1"]
[EndTime "8:19:50 PDT"]
[Termination "Rsnr won by resignation"]

1. e4 c6 2. Nf3 d5 3. Nc3 Bg4 4. h3 Bh5 5. e5 e6 6. d4 c5 7. Be2 Bxf3 8. Bxf3 cxd4 9. Qxd4 Nc6 10. Qf4 Nge7 11. Qg3 Ng6 12. O-O Ngxe5 13. Be2 Ng6 14.
f4 Bd6 15. Bd3 O-O 16. Qg4 f5 17. Qe2 Re8 18. Nd1 Qc7 19. Qf3 Nb4 20. Be3 Nxd3 21. cxd3 Qc2 22. Nf2 Re7 23. g3 Qxb2 24. Rfb1 Qa3 25.
h4 Nf8 26. h5 h6 27. g4 fxg4 28. Qxg4 Rf7 29. Kh1 Re8 30. Rg1 Bc5 31. Bxc5 Qxc5 32. Qg3 Qd4 33. Ng4 Qxf4 34. Qxf4 Rxf4 35. Nxh6+ Kh7 36. Ng4 Nd7 37. Raf1 Ref8 38. Rc1 R8f5 39. Rc7 Rxh5+ 40. Nh2 Rf2 41. Rg2 Rxg2 42. Kxg2 Ne5 43. d4 Nc6 44. Nf3 e5 45. dxe5 Nxe5 46. Rxb7 Nxf3 47.
Kxf3 Rh3+ 48. Kf4 Ra3 49. Rb2 d4 50. Ke4 d3 51. Rd2 Kg6 52. Rg2+ Kf6 53. Rf2+ Ke7 54. Rg2 Kf7 55. Rf2+ Kg8 56. Rd2 g6 57. Rg2 Kg7 58. Rd2 a5 59. Kf4 Kf6 60. Ke4 g5 61. Rf2+ Kg6 62. Rh2 g4 63. Kf4 Ra4+ 64. Ke3 Kg5 65. Kxd3 g3 66. Rg2 Kg4 67. Ke3 Kh3 68. Rg1 Ra3+ 69. Kf4 g2 70. Rc1 Kh2 71. Rc2 Kh1 72.
Rc1+ g1=Q 0-1

[Event "Early-Titled-Tuesday-Blitz-June-18-2024"]
[Site "Chess.com"]
[Date "2024.06.18"]
[Round "2"]
[White "AlbusSevresPotter"]
[Black "Witik"]
[Result "1-0"]
[WhiteElo "2596"]
[BlackElo "2819"]
[TimeControl "180+1"]
[EndTime "8:19:50 PDT"]
[Termination "AlbusSevresPotter won on time"]

1. e4 c6 2. d4 d5 3. e5 c5 4. Nf3 cxd4 5. Qxd4 Nc6 6. Qf4 f6 7. c4 g5 8. Qg3 Nb4 9. Na3 Nh6 10. Bd2 a5 11. cxd5 Qxd5 12. Bc4 Qe4+ 13. Be3 Nf5 14. Qh3 Nxe3 15. Qh5+ Kd8 16. fxe3 Qxe3+ 17. Kf1 Bf5 18. Qf7 Nd3 19. Qd5+ Kc8 20. Qd4 Qxd4 21. Nxd4 Bg6 22. Be6+ Kb8 23. exf6 Nc5 24. Nab5 exf6 25. Rc1 Be7 26.
Kf2 Rd8 27. Rhe1 Nd3+ 28. Kg3 Nxc1 29. Rxc1 Bd3 30. a4 Ra6 31. Bf5 Bxf5 32. Nxf5 Bb4 33. Rc4 Re6 34. Kg4 Rd3 35. g3 Rd7 36. Kh5 Re5 37. g4 Rc5 38. Re4 Re5 39. Rc4 b6 40. Kh6 Kb7 41. Ng7 Re2 42. Kxh7 Rxh2+ 43. Kg6 Rxb2 44. Ne6 Re2 45. Ng7 Red2 46. Nf5 R2d5 47. Kxf6 Rc5 48. Re4 Bc3+ 49. Kxg5 Rxb5 50. axb5 Rd5 51.
Re7+ Kb8 52. Kg6 Rxb5 53. Nd6 Rd5 54. Ne4 a4 55. Nxc3 Rd4 56. Re4 Rxe4 57. Nxe4 a3 58. Nc3 b5 59. Na2 Kc7 60. Kf5 Kd6 61. g5 Kc5 62. g6 b4 63. g7 b3 64. g8=Q b2 65.
Qb3 Kd4 66. Nc3 Kd3 67. Nb1+ Kd4 68. Qxa3 1-0

[Event "Early-Titled-Tuesday-Blitz-June-18-2024"]
[Site "Chess.com"]
[Date "2024.06.18"]
[Round "2"]
[White "Kirill_Klukin"]
[Black "TimGrutter03"]
[Result "1-0"]
[WhiteElo "2880"]
[BlackElo "2616"]
[TimeControl "180+1"]
[EndTime "8:19:51 PDT"]
[Termination "Kirill_Klukin won on time"]

1. e4 c5 2. d4 cxd4 3. Qxd4 Nc6 4. Qd3 Qb6 5. Nc3 e6 6. Nf3 Nf6 7. Be2 Bc5 8. O-O Qc7 9. Nb5 Qb8 10. Be3 Be7 11.
Rfd1 d5 12. exd5 Nxd5 13. Bg5 O-O 14. Bf1 a6 15. Nc3 Ncb4 16. Nxd5 Nxd5 17. c4 Nb4 18.
Qe4 f6 19. Be3 e5 20. c5 Nc6 21. Bc4+ Kh8 22. a3 f5 23. Qd5 f4 24. Bd2 Bg4 25.
Bc3 Rd8 26. Qe4 Bxf3 27. gxf3 Bxc5 28. Bd3 g6 29. Qxf4 Rf8 30. Qg3 Nd4 31. Bxd4 Bxd4 32. Be4 Qd6 33. Rac1 Rac8 34. Kg2 b5 35. b4 Rc4 36. h4 Rfc8 37. Rxc4 bxc4 38. Qg4 Rc7 39. h5 Kg7 40. hxg6 hxg6 41. Rh1 Qf6 42. Qh3 Qg5+ 43.
Kf1 Qc1+ 44. Kg2 Qg5+ 45. Qg3 Qxg3+ 46. fxg3 c3 47. Rc1 a5 48. b5 a4 49. Kf1 Rc5 50. b6 Rb5 51. b7 Rb2 52. Rc2 Rb1+ 53. Ke2 Rb3 54. Kd3 Kf6 55. Kc4 Ke7 56. f4 Kd6 57. g4 Kc7 58. f5 gxf5 59. gxf5 Rb6 60. Kd3 Kb8 61. Rg2 Ka7 62. Rc2 Kb8 63. Bd5 Rh6 64.
Kc4 Rb6 65. Kd3 Rh6 66. Be4 Rh3+ 67. Kc4 Rh7 68. Kd5 Rd7+ 69. Ke6 Rh7 70. f6 Rh8 71. f7 Kc7 72. Kf6 Rh6+ 73. Kg7 Rh2 74. Rxh2 c2 75.
Rxc2+ 1-0

[Event "Early-Titled-Tuesday-Blitz-June-18-2024"]
[Site "Chess.com"]
[Date "2024.06.18"]
[Round "2"]
[White "Kors67"]
[Black "rollercoaster29"]
[Result "0-1"]
[WhiteElo "2282"]
[BlackElo "2511"]
[TimeControl "180+1"]
[EndTime "8:19:53 PDT"]
[Termination "rollercoaster29 won on time"]

1. e4 e5 2. Nf3 Nc6 3. Bc4 Bc5 4. b4 Bxb4 5. c3 Be7 6. d4 Na5 7. Nxe5 Nxc4 8. Nxc4 d5 9. exd5 Qxd5 10. Ne3 Qa5 11.
O-O Nf6 12. Nc4 Qa6 13. Ne5 O-O 14. Re1 Bd6 15. Bg5 Nd7 16. Bf4 Nxe5 17. Bxe5 Bf5 18. Nd2 Rad8 19. Qf3 Bg6 20. Bxd6 Rxd6 21. Ne4 Bxe4 22.
Rxe4 Rg6 23. Re7 Rc6 24. Rae1 Qxa2 25. d5 Rf6 26. Qg3 Qxd5 27. Qxc7 Qd2 28. R7e2 Qd5 29. Re5 Qc6 30. Re7 Qxc7 31. Rxc7 Rb6 32. g3 a5 33.
Ree7 Rb8 34. Rxf7 Rg6 35. Rxb7 Ra8 36. Ra7 Rxa7 37. Rxa7 Rg5 38. Kg2 Rc5 39. h4 h5 40.
Ra6 Kh7 41. Ra7 Kh6 42. Ra6+ g6 43. Kf1 Kg7 44. Ke2 Rxc3 45. Rxa5 Rc2+ 46. Kf3 Rc4 47.
Kg2 Rc3 48. Rd5 Rc4 49. f3 Rc2+ 50. Kh3 Rf2 51. f4 Kh6 52. Rd7 Rf3 53. Rf7 Ra3 54.
Rf6 Kg7 55. Rb6 Kh7 56. Re6 Kg7 57. Re2 Ra4 58. Rc2 Ra3 59. Kg2 Ra4 60. Rc3 Ra2+ 61.
Kf3 Rh2 62. Rc7+ Kh6 63. Rc6 Kg7 64. f5 gxf5 65. Kf4 Rf2+ 66. Kg5 Rf3 0-1

[Event "Early-Titled-Tuesday-Blitz-June-18-2024"]
[Site "Chess.com"]
[Date "2024.06.18"]
[Round "2"]
[White "Hirna2005"]
[Black "AndrewMaco"]
[Result "1-0"]
[WhiteElo "2306"]
[BlackElo "2697"]
[TimeControl "180+1"]
[EndTime "8:19:56 PDT"]
[Termination "Hirna2005 won by resignation"]

1. e4 c6 2. Nc3 d5 3. Nf3 dxe4 4. Nxe4 Nf6 5. Qe2 Nxe4 6. Qxe4 Nd7 7. Bc4 Nf6 8. Ne5 e6 9. Qe2 b5 10. Bb3 Bd6 11. d4 Qc7 12. O-O O-O 13. Re1 c5 14. dxc5 Qxc5 15. c3 Bb7 16. Nf3 Qh5 17. h3 Bxf3 18. Qxf3 Qxf3 19. gxf3 Nh5 20. Be3 Bf4 21.
Rad1 a5 22. Rd7 a4 23. Bc2 a3 24. b3 Bxe3 25. fxe3 Rfc8 26. Red1 Nf6 27. R7d4 g5 28. c4 bxc4 29. Rxc4 Rxc4 30. bxc4 Rc8 31. Bb3 Kg7 32. Rd6 Ra8 33. Kf2 Ra5 34. Ke2 Kf8 35. Kd3 Ke7 36.
Rb6 Nd7 37. Rb5 Ra7 38. Kd4 h6 39. c5 Rc7 40. Ba4 Kf6 41. Ra5 Ne5 42. Ke4 Ng6 43. c6 Ke7 44. Bb5 Kd6 45. Rxa3 f5+ 46. Kd3 Kc5 47.
Rb3 Ne5+ 48. Ke2 Kd6 49. Rc3 Nf7 50. a4 Ne5 51. f4 Ng6 52. Kf3 Nh4+ 53. Kg3 Ng6 54.
Rd3+ Kc5 55. Rd7 Rc8 56. Rg7 Nf8 57. fxg5 hxg5 58. Rxg5 Kb6 59. Rg7 Rd8 60. Rb7+ Kc5 61. Re7 Ng6 62. Rxe6 Nf8 63. Rf6 Rc8 64. Rxf5+ Kb6 65.
h4 Ne6 66. h5 Rg8+ 67. Kf3 Ng7 68. Rg5 Rf8+ 69. Ke2 Ne6 70. Rg6 Nc7 71. Rg7 Rf5 72. h6 Rh5 73. h7 Rh2+ 74. Kd3 Rh3 75. Kc4 Rh4+ 76. Kb3 Rh3 77. Re7 Nd5 78. Rb7+ Kc5 79. c7 Rxe3+ 80. Kb2 1-0

[Event "Early-Titled-Tuesday-Blitz-June-18-2024"]
[Site "Chess.com"]
[Date "2024.06.18"]
[Round "2"]
[White "Veleamater"]
[Black "koncheto"]
[Result "0-1"]
[WhiteElo "2410"]
[BlackElo "2648"]
[TimeControl "180+1"]
[EndTime "8:20:00 PDT"]
[Termination "koncheto won by resignation"]

1. g3 h5 2. d4 h4 3. gxh4 Rxh4 4. c4 e5 5. Nf3 Rxd4 6. Nxd4 exd4 7. Qxd4 Nc6 8.
Qe4+ Be7 9. Bg5 Kf8 10. Bxe7+ Ncxe7 11. Nc3 Nf6 12. Qh4 b5 13. Bg2 Rb8 14. cxb5 d5 15. Rd1 Be6 16. h3 Kg8 17. a4 c6 18. O-O c5 19.
Qg5 Qa5 20. Qd2 Qc7 21. e4 d4 22. Ne2 Rd8 23. f4 g6 24. Rf2 d3 25. Nc3 c4 26.
Qe3 Nd7 27. f5 gxf5 28. exf5 Nxf5 29. Qg5+ Ng7 30. Nd5 Bxd5 31. Bxd5 Ne5 32. Be4 Rd6 33. Kh1 Ng6 34. Rg1 Qd7 35. Bf5 Nxf5 36. Qxf5 Qxf5 37. Rxf5 Kf8 38. Rgf1 Rd7 39. a5 Ke8 40. b6 axb6 41. axb6 Rb7 42. Rb5 Ke7 43. Rc1 Kd6 44. Kg2 Ne5 45.
Kf2 f6 46. Ke3 Kc6 47. Rb4 Kc5 48. Ra4 Rxb6 49. Kd2 Rxb2+ 50. Kc3 Rb3+ 51. Kd2 Kd4 52. Kd1 Ke3 53. Rca1 c3 54. Rc1 c2+ 55. Rxc2 dxc2+ 56. Kxc2 Rb6 57. Rh4 Rd6 58. Rh6 Kf4 59. Kc3 Kf5 60.
Kb4 Rd4+ 61. Kc5 Rd3 62. h4 Rg3 63. Kd5 Rh3 64. Rh8 Ng4 65. h5 Kg5 66. Ke6 Re3+ 67. Kf7 f5 68. h6 Nxh6+ 69. Kg7 Ng4 70. Kf7 f4 71. Rg8+ Kf5 72. Rh8 f3 73. Rh5+ Kf4 74.
Kg6 Re6+ 75. Kf7 Rh6 76. Rb5 f2 77. Rb4+ Kg3 78. Rb1 Kg2 0-1

[Event "Early-Titled-Tuesday-Blitz-June-18-2024"]
[Site "Chess.com"]
[Date "2024.06.18"]
[Round "2"]
[White "NigiriSushies"]
[Black "Pingah9"]
[Result "1-0"]
[WhiteElo "2303"]
[BlackElo "2496"]
[TimeControl "180+1"]
[EndTime "8:20:01 PDT"]
[Termination "NigiriSushies won by resignation"]

1. d4 g6 2. c4 Bg7 3. b3 c5 4. Nf3 Nc6 5. Bb2 Nh6 6. e3 Nf5 7. Bd3 cxd4 8. Bxf5 Qa5+ 9. Nbd2 Qxf5 10. Nxd4 Qd3 11.
Qe2 Nb4 12. a3 Nc2+ 13. Nxc2 Qxe2+ 14. Kxe2 Bxb2 15. Rab1 Bg7 16. Nd4 d6 17. Nb5 Kd8 18.
Nf3 Bf5 19. Rbd1 a6 20. Nbd4 Bd7 21. h3 Kc7 22. Ng5 Raf8 23. Rd2 h6 24. Ne4 Rc8 25. Nc3 e6 26. Ne4 Rhd8 27. Nxd6 Kxd6 28. Nf5+ Ke5 29.
Nxg7 Kf6 30. Rhd1 Rc7 31. Ne8+ Rxe8 32. Rxd7 Rec8 33. g3 b5 34. cxb5 Rc2+ 35. R1d2 axb5 36. Rb7 R2c5 37. Rdd7 Rc2+ 38. Kf3 Ra2 39. Rxf7+ Ke5 40.
Rxb5+ Kd6 41. Rf6 Rcc2 42. Kg2 Ke7 43. Rf4 g5 44. Rb7+ Kd6 45. Rff7 Rxa3 46. h4 g4 47. h5 Raa2 48. Rbd7+ Ke5 49. Rd4 Rab2 50. Rxg4 Rxb3 51. Rgf4 Rbb2 52. Rh7 Kd5 53. Rxh6 e5 54. Rf5 Ke4 55. Rhf6 Rc3 56. Rf3 Rc1 57. h6 Rbb1 58. Kh3 Rh1+ 59. Kg4 Rh2 60. R3f5 Rbh1 61. f3+ Kxe3 62. Rxe5+ Kf2 63.
Ra5 Rxh6 64. Rxh6 Rxh6 65. Re5 Rg6+ 66. Kf4 Rf6+ 67. Rf5 Rb6 68. g4 Rb4+ 69. Kg5 Kg3 70. Kh5 Rb8 71. g5 Rh8+ 72. Kg6 Kh4 73. Rf4+ Kh3 74. Rf7 Kg3 75. f4 Kg4 76. f5 Rg8+ 77.
Rg7 Rf8 78. f6 Kf4 79. f7 Ke5 80. Rg8 1-0

[Event "Early-Titled-Tuesday-Blitz-June-18-2024"]
[Site "Chess.com"]
[Date "2024.06.18"]
[Round "2"]
[White "ilqar_74"]
[Black "RantomOpening"]
[Result "1/2-1/2"]
[WhiteElo "2857"]
[BlackElo "2608"]
[TimeControl "180+1"]
[EndTime "8:20:02 PDT"]
[Termination "Game drawn - insufficient material"]

1. e4 c5 2. Nf3 e6 3. d4 cxd4 4.
Nxd4 Nf6 5. Bd3 Nc6 6. Nxc6 bxc6 7. Nc3 d5 8. O-O Be7 9. Qf3 O-O 10. Bg5 h6 11.
Bh4 a5 12. Rfe1 Rb8 13. Rab1 Ra8 14. Qe2 Nxe4 15. Bxe7 Nxc3 16. bxc3 Qxe7 17. c4 Ba6 18. cxd5 Bxd3 19. Qxd3 cxd5 20. Qxd5 exd5 21. Rxe7 Rfc8 22. g3 Rxc2 23. Rbb7 Rf8 24. Red7 Rxa2 25. Rxd5 a4 26. Ra7 Rc8 27. Rdd7 Rf8 28. Kg2 a3 29. Ra6 Ra1 30. Ra4 Rc8 31. Raa7 Rf8 32. h4 Ra2 33. h5 Ra1 34.
Rd2 a2 35. Rdd7 Rb1 36. Rxa2 Rb6 37. Raa7 Rf6 38. g4 g6 39. hxg6 Rxg6 40. Kh3 Rf6 41. Kg3 Rg6 42. Kh4 Rf6 43. Rd2 Kg7 44. Ra4 Re8 45.
f4 Re1 46. Kg3 Rg1+ 47. Kf3 Rf1+ 48. Kg3 Rg1+ 49. Kh3 Rh1+ 50. Kg2 Rc1 51. Rf2 Rc3 52.
Rf3 Rc2+ 53. Rf2 Rxf2+ 54. Kxf2 Kg6 55. Kg3 Rc6 56. Ra5 Rd6 57. Kh4 Rc6 58. f5+ Kg7 59. Ra7 Rf6 60. Rb7 Rd6 61. g5 hxg5+ 62. Kxg5 Rf6 63.
Rd7 Rc6 64. Rd5 Rf6 65. Re5 Rc6 66. Re3 Rb6 67. Rg3 f6+ 68. Kh5+ Kf7 69. Rc3 Rb7 70.
Kh6 Rd7 71. Rc8 Rb7 72. Rh8 Rb5 73. Rh7+ Kg8 74. Kg6 Rxf5 75. Rg7+ Kf8 76. Rf7+ Ke8 77. Rxf6 Rxf6+ 78. Kxf6 1/2-1/2

[Event "Early-Titled-Tuesday-Blitz-June-18-2024"]
[Site "Chess.com"]
[Date "2024.06.18"]
[Round "2"]
[White "EdenDzung06"]
[Black "Sokoloco"]
[Result "1/2-1/2"]
[WhiteElo "2422"]
[BlackElo "2740"]
[TimeControl "180+1"]
[EndTime "8:20:05 PDT"]
[Termination "Game drawn by stalemate"]

1. d4 d6 2. c4 e5 3. dxe5 dxe5 4. Qxd8+ Kxd8 5. g3 c6 6. Bg2 Be6 7. b3 f6 8. e3 Nd7 9. Ne2 Kc7 10. O-O h5 11. h4 Nh6 12. Ba3 Nc5 13. Rd1 Be7 14. Nbc3 Rhe8 15.
Bxc5 Bxc5 16. Ne4 Be7 17. Rd2 Red8 18. Rad1 Rxd2 19. Rxd2 Rd8 20. Rxd8 Kxd8 21. Bf3 Bf7 22. N4c3 Nf5 23. Kf1 Kc7 24. Ke1 a6 25. Kd2 b5 26.
cxb5 axb5 27. Kc2 g5 28. hxg5 fxg5 29. Be4 Nd6 30. Bh7 h4 31. gxh4 gxh4 32. Ng1 Be6 33. Ne4 h3 34. Nf3 Bd5 35. Kd3 c5 36. Ned2 c4+ 37.
bxc4 bxc4+ 38. Kc2 e4 39. Nh2 Bh4 40. f3 exf3 41.
Ndxf3 Bg3 42. Kc3 Kb6 43. Kd4 Bxf3 44. Nxf3 h2 45. Nxh2 Bxh2 46. Bg8 Kb5 47. Bxc4+ Nxc4 48. a4+ Kb4 49. e4 Be5+ 50. Kd5 Bc3 51. a5 Nxa5 52. e5 Kb5 53. Kd6 Nc6 54. e6 Bb4+ 55. Kd7 Be7 56. Ke8 Kc5 57. Kd7 Kd5 58. Kc7 Bc5 59. Kb7 Ne7 60.
Kc7 Kxe6 61. Kb7 Kd6 62. Ka8 Bd4 63. Kb8 Kd7 64. Ka8 Be5 65. Kb7 Bc7 66. Ka8 Kc6 67.
Ka7 Bd6 68. Ka8 Bc5 69. Kb8 Nd5 70. Ka8 Bb6 71. Kb8 Nc7 72. Kc8 Ba7 73. Kd8 Nd5 74.
Kc8 Ne3 75. Kd8 Nf5 76. Kc8 Nd4 77. Kd8 Nb3 78. Kc8 Nc5 79. Kd8 Ne4 80. Kc8 Nf6 81. Kd8 Bb6+ 82. Kc8 Bc5 83. Kb8 Bd4 84. Ka8 Nd7 1/2-1/2

[Event "Early-Titled-Tuesday-Blitz-June-18-2024"]
[Site "Chess.com"]
[Date "2024.06.18"]
[Round "2"]
[White "Rurep26"]
[Black "Juicy_Fork"]
[Result "1/2-1/2"]
[WhiteElo "2736"]
[BlackElo "2417"]
[TimeControl "180+1"]
[EndTime "8:20:07 PDT"]
[Termination "Game drawn - insufficient material"]

1. d4 Nf6 2. c4 e6 3. g3 d5 4. Bg2 Bb4+ 5. Bd2 a5 6. Nf3 O-O 7. O-O dxc4 8. Qc2 b5 9. a4 Bxd2 10. Nbxd2 c6 11. Ne5 Ra6 12. e3 Nfd7 13. Nef3 Re8 14.
h4 h6 15. Rfd1 Qc7 16. e4 e5 17. d5 Nc5 18. dxc6 Nxa4 19. b3 cxb3 20. Qxb3 Qxc6 21. Rdc1 Qb7 22. Bf1 Rb6 23. Bxb5 Rxb5 24. Qxa4 Bg4 25. Rab1 Bd7 26. Rxb5 Bxb5 27. Qxa5 Nc6 28. Qc3 Rd8 29. Rb1 Nd4 30. Nxd4 Rxd4 31. Nf3 Rxe4 32. Qc5 Re2 33. Nxe5 Qe4 34. Qxb5 Qxe5 35. Qd3 Re1+ 36. Rxe1 Qxe1+ 37. Kg2 Qe6 38. Qd8+ Kh7 39. Qd3+ Qg6 40. Qf3 Qe6 41. h5 Qe5 42. Qxf7 Qe4+ 43. Kh2 Qc2 44. Kh3 Qd1 45. Qf5+ Kg8 46. Kg2 Qd4 47. g4 Qd2 48. Kg3 Qc3+ 49. f3 Qe1+ 50. Kf4 Qd2+ 51. Ke5 Qe2+ 52. Kd5 Qd2+ 53.
Ke5 Qc3+ 54. Kd5 Qa5+ 55. Ke6 Qb6+ 56. Ke7 Qc7+ 57. Ke8 Qb8+ 58. Kd7 Qb7+ 59. Ke6 Qc6+ 60. Ke5 Qc5+ 61. Ke4 Qc4+ 62. Ke3 Qc3+ 63. Qd3 Qe1+ 64.
Kd4 Qf2+ 65. Qe3 Qb2+ 66. Ke4 Qb4+ 67. Qd4 Qe1+ 68. Kf5 Qf1 69. Qd5+ Kh7 70. g5 Qb1+ 71. Kg4 hxg5 72. Qf5+ Qxf5+ 73. Kxf5 Kh6 74. Kg4 g6 75.
hxg6 Kxg6 76. f4 gxf4 77. Kxf4 1/2-1/2

[Event "Early-Titled-Tuesday-Blitz-June-18-2024"]
[Site "Chess.com"]
[Date "2024.06.18"]
[Round "2"]
[White "Josetricks"]
[Black "MalyDominator"]
[Result "0-1"]
[WhiteElo "2370"]
[BlackElo "2583"]
[TimeControl "180+1"]
[EndTime "8:20:13 PDT"]
[Termination "MalyDominator won on time"]

1. e4 c5 2. c3 Nf6 3. e5 Nd5 4. d4 cxd4 5. Nf3 Nc6 6. Bd3 d6 7. exd6 Qxd6 8. cxd4 e6 9. O-O Be7 10. Nc3 O-O 11. h3 b6 12. Ne4 Qd8 13. Bg5 Bb7 14. Rc1 h6 15. Bxe7 Ncxe7 16. Bb1 Rc8 17. Qd3 Ng6 18. g3 Rxc1 19. Rxc1 Nf6 20. Nxf6+ Qxf6 21. Ne5 Bd5 22. h4 Rd8 23. Rc7 Ba8 24. h5 Nf8 25. Rxa7 Qg5 26. Rxa8 Rxa8 27. Qf3 Qc1+ 28. Kg2 Qxb1 29. Qxa8 Qxb2 30. Nd7 Qb4 31. Qb8 b5 32. Nxf8 Qxf8 33. Qxb5 Qa8+ 34. Kh2 Qxa2 35. Qe8+ Kh7 36. Qxf7 Qd5 37. Qg6+ Kg8 38. Qg4 Kf7 39. Qf4+ Ke7 40. g4 Qc4 41. f3 Qc2+ 42. Kh3 Qb1 43. Qc7+ Kf6 44. Qe5+ Kf7 45. Qf4+ Ke7 46. Qh2 Qd3 47. Qc7+ Kf6 48. Qe5+ Kf7 49. Qf4+ Ke7 50. Kg3 Qd1 51. Qc7+ Kf6 52. Qe5+ Ke7 53. Qxg7+ Kd6 54. Qxh6 Qg1+ 55.
Kh4 Qf2+ 56. Kg5 Qd2+ 57. Kg6 Qxd4 58. Qf8+ Kc6 59. Qc8+ Kb5 60. Qb7+ Ka5 61. Qc7+ Kb5 62. f4 Qd3+ 63. f5 exf5 64. Qe5+ Kb4 65. Qxf5 Qd6+ 66.
Qf6 Qd3+ 67. Kg7 Qd7+ 68. Kh6 Qxg4 69. Qe7+ Kb3 70. Qf7+ Ka3 71. Qf8+ Ka4 72. Qa8+ Kb3 73. Qb7+ Ka3 74. Qe7+ Kb3 75. Qf7+ Ka3 76. Qg6 Qe4 77.
Kg7 Qe5+ 78. Qf6 Qxh5 79. Qa6+ Kb2 80. Qe2+ Qxe2 0-1

[Event "Early-Titled-Tuesday-Blitz-June-18-2024"]
[Site "Chess.com"]
[Date "2024.06.18"]
[Round "2"]
[White "DishonorOnYourCow"]
[Black "Zhani-Z"]
[Result "0-1"]
[WhiteElo "2519"]
[BlackElo "2348"]
[TimeControl "180+1"]
[EndTime "8:20:25 PDT"]
[Termination "Zhani-Z won by checkmate"]

1. d4 d5 2. c4 e6 3. Nc3 c5 4.
cxd5 exd5 5. Nf3 Nc6 6. g3 Nf6 7. Bg2 Be7 8. O-O O-O 9. Bg5 cxd4 10. Nxd4 h6 11. Bf4 Re8 12. Rc1 Bf8 13. Nxc6 bxc6 14.
Na4 Qa5 15. a3 c5 16. Re1 Be6 17. Nc3 Red8 18. Be5 Nd7 19. Bf4 Nf6 20. Bd2 Qb6 21. Na4 Qb5 22. e3 Rac8 23. Bf1 Qb7 24. Rb1 d4 25. b4 dxe3 26. Rxe3 cxb4 27. axb4 Qd7 28.
Rd3 Qb7 29. Nc5 Bxc5 30. bxc5 Qc6 31. Rc1 Bf5 32. Rxd8+ Rxd8 33. Qe1 Ne4 34. Bg2 Qg6 35. Be3 Ng5 36. c6 Be4 37. c7 Rc8 38. Bxg5 Bxg2 39.
Kxg2 hxg5 40. Qc3 Qe4+ 41. f3 Qe2+ 42. Kg1 a5 43. Qd4 Qxf3 44. Qd8+ Kh7 45. Qxc8 Qe3+ 46. Kg2 Qe2+ 47. Kh3 Qh5+ 48. Kg2 Qe2+ 49. Kg1 Qe3+ 50. Kf1 Qf3+ 51. Ke1 Qe3+ 52. Kd1 Qd3+ 53. Ke1 Qe3+ 54.
Kf1 Qxc1+ 55. Kg2 Qc2+ 56. Kf3 Qc6+ 57. Ke3 Qc3+ 58. Ke4 Qc4+ 59. Ke5 Qc5+ 60. Ke4 Qc6+ 61. Kd4 Qd6+ 62. Kc4 Qc6+ 63. Kb3 Qb5+ 64. Ka3 Qb4+ 65.
Ka2 Qa4+ 66. Kb2 Qb4+ 67. Kc2 Qc4+ 68. Kd2 Qd4+ 69. Ke2 Qe4+ 70. Kf2 Qc2+ 71. Ke3 Qc3+ 72. Ke4 Qc4+ 73. Kf5 Qd5+ 74. Kg4 Qe4+ 75. Kh3 f5 76. Qd7 Qf3 77. Qxg7+ Kxg7 78. c8=Q Qf1# 0-1